Map: [ESL] Radhuset Station

Players

HeroMarine

  • Race: Terran Terran
  • Spawn Location: 7:00

ShoWTimE - Winner!

  • Race: Protoss Protoss
  • Spawn Location: 1:00

Event: ESL SC2 Masters 2023 Winter (Regional)

VOD

Have the link to the VOD?

Description

Time

  • Played on: Nov. 18, 2023, 9:22 a.m.
  • Length: 18:57

All games in this series

Show
View Real Time Build Order
Export as new Build Order

HeroMarine Terran 

Build Orders: Reaper Expand 

Get SALT Encoding   

  12  0:00  SCV  
  13  0:12  SCV  
  14  0:17  Supply Depot  
  14  0:24  SCV  
  15  0:39  SCV  
  15  0:40  Barracks  
  16  0:44  Refinery  
  16  0:51  SCV  
  17  1:03  SCV  
  18  1:15  SCV  
  19  1:27  Orbital Command, Reaper  
  20  1:40  Command Center  
  20  1:48  Supply Depot  
  20  1:53  SCV  
  21  1:59  Barracks Reactor  
  21  2:05  SCV  
  22  2:17  SCV  
  23  2:24  Command Center  
  23  2:29  SCV  
  24  2:37  Marine x2  
  24  2:41  SCV  
  27  2:46  Barracks  
  27  2:53  SCV  
  27  2:55  Marine x2  
  30  2:58  Orbital Command  
  29  3:05  SCV  
  29  3:10  Barracks  
  30  3:13  Marine x2  
  30  3:17  SCV  
  33  3:26  SCV  
  34  3:30  Marine, SCV  
  34  3:31  Marine  
  34  3:33  Barracks Tech Lab  
  37  3:36  Orbital Command  
  37  3:38  SCV  
  38  3:42  SCV  
  39  3:48  Marine  
  39  3:49  Marine  
  39  3:51  Stimpack  
  39  3:52  Engineering Bay  
  39  3:55  SCV x2  
  43  3:58  Marine  
  41  4:05  SCV  
  41  4:06  Marine x2  
  41  4:07  SCV x2  
  43  4:11  Marine  
  43  4:16  Refinery  
  44  4:17  SCV  
  44  4:18  Terran Infantry Weapons Level 1  
  44  4:20  Missile Turret, SCV  
  44  4:21  Marine  
  44  4:24  Marine x2  
  47  4:26  SCV  
  47  4:29  SCV  
  47  4:30  Missile Turret  
  47  4:31  Marine  
  52  4:35  Factory  
  52  4:36  SCV  
  53  4:39  Supply Depot  
  53  4:40  SCV  
  53  4:42  SCV  
  53  4:44  Refinery  
  55  4:46  Barracks Tech Lab  
  55  4:47  Marine  
  55  4:49  Marine x2, SCV  
  58  4:53  SCV  
  58  4:54  SCV  
  58  4:59  Refinery  
  60  5:01  SCV  
  60  5:05  Orbital Command, Marine  
  62  5:07  Marine  
  62  5:08  SCV  
  62  5:13  SCV  
  62  5:14  Barracks  
  66  5:16  Barracks, Combat Shield  
  66  5:17  Marine  
  66  5:18  Marine  
  66  5:20  Supply Depot x2  
  67  5:23  Marine  
  67  5:24  Starport  
  67  5:25  Factory Reactor  
  67  5:26  SCV  
  69  5:35  SCV x2  
  71  5:37  Concussive Shells, Marauder x2  
  71  5:38  Marine  
  71  5:39  SCV  
  71  5:42  Marine  
  78  5:47  SCV x2  
  78  5:48  Supply Depot  
  79  5:51  SCV  
  79  5:56  Marine  
  81  5:58  Marauder x2  
  81  5:59  Marine, SCV x2  
  81  6:02  Missile Turret  
  88  6:07  SCV  
  88  6:11  SCV x2  
  88  6:12  Medivac  
  88  6:13  Medivac  
  88  6:14  Terran Infantry Armor Level 1  
  88  6:17  Barracks Reactor, Barracks Tech Lab, Factory Reactor  
  92  6:20  SCV  
  92  6:23  SCV  
  92  6:24  Marine x4  
  98  6:27  Supply Depot, SCV  
  98  6:28  Supply Depot  
  98  6:32  SCV  
  100  6:35  Armory, SCV  
  100  6:38  Engineering Bay  
  101  6:42  Refinery  
  101  6:44  Refinery  
  101  6:49  SCV x2, Medivac x2  
  101  6:51  Supply Depot  
  101  6:53  Supply Depot  
  108  6:56  Marauder x3, SCV  
  108  6:59  Marine  
  108  7:00  Marine  
  116  7:02  SCV  
  117  7:09  Supply Depot  
  117  7:12  SCV x2  
  118  7:17  Marauder  
  118  7:18  Widow Mine x2, Marauder  
  118  7:22  SCV  
  127  7:24  Command Center, SCV x2  
  127  7:26  Terran Infantry Weapons Level 2  
  129  7:34  Marauder  
  125  7:38  SCV x2  
  125  7:39  Marauder  
  125  7:42  Marauder  
  124  7:44  Widow Mine x2  
  124  7:46  Medivac  
  124  7:47  Medivac  
  130  7:56  Marauder  
  126  8:00  Marauder  
  126  8:02  Marine x3  
  126  8:03  Marauder, Marine  
  126  8:04  Barracks  
  134  8:07  SCV x3  
  134  8:08  Barracks, Ghost Academy  
  134  8:10  Terran Infantry Armor Level 2  
  134  8:11  Barracks  
  137  8:14  Widow Mine  
  137  8:15  Widow Mine  
  141  8:21  Supply Depot x2  
  141  8:29  Marine x2  
  141  8:32  Marauder x2  
  141  8:33  Marine x2  
  136  8:38  Widow Mine x2, Medivac x2  
  136  8:41  Marine  
  133  8:46  SCV x2  
  133  8:47  Marauder, SCV, Marine  
  130  8:51  Marine x2  
  130  8:54  Marauder x2  
  132  8:56  Barracks Reactor, Barracks Tech Lab  
  132  8:57  Barracks Tech Lab  
  132  8:58  Marine  
  133  9:03  SCV x3  
  133  9:05  Starport  
  133  9:08  Medivac x2  
  140  9:10  Marine, Marauder  
  140  9:11  Marine  
  140  9:12  Marine  
  140  9:14  Refinery  
  140  9:15  Marauder, Marine, Refinery  
  140  9:16  Missile Turret  
  148  9:19  Orbital Command  
  151  9:26  Ghost x2  
  151  9:31  Ghost  
  152  9:32  Ghost  
  152  9:35  Ghost, Supply Depot  
  152  9:38  Viking  
  160  9:46  Marine  
  160  9:47  Marine x5  
  160  9:48  Viking x2  
  160  9:51  Supply Depot  
  170  9:53  Supply Depot  
  170  9:54  Ghost  
  170  9:58  Viking  
  170  9:59  Sensor Tower  
  176  10:00  Marine  
  176  10:01  Missile Turret  
  176  10:04  Marine  
  176  10:05  Missile Turret  
  178  10:07  Viking  
  178  10:10  Missile Turret  
  178  10:12  Terran Ship Weapons Level 1  
  180  10:17  Marine  
  180  10:18  Viking x2, Marine x2  
  186  10:27  Terran Infantry Weapons Level 3  
  184  10:28  Viking  
  184  10:29  Marauder x2  
  184  10:32  Marauder  
  192  10:37  Viking  
  192  10:42  Marauder  
  194  10:48  Viking  
  189  10:51  Marauder x3  
  189  10:54  Marine  
  196  10:59  Marine  
  196  11:00  Marauder  
  196  11:01  Command Center  
  196  11:02  Terran Infantry Armor Level 3  
  196  11:03  Command Center  
  199  11:08  Personal Cloaking, Fusion Core  
  194  11:22  Viking x2  
  194  11:23  Viking x2, Ghost  
  198  11:46  Marauder  
  178  11:48  Marine, Marauder x2  
  178  11:49  Marauder, Marine  
  178  11:52  Marauder, Medivac x2  
  178  11:53  Medivac x2  
  187  11:55  Marine  
  187  11:56  Marine  
  187  11:57  Marine  
  189  12:04  Marine  
  189  12:07  Marauder, SCV x3  
  189  12:08  SCV  
  164  12:10  Marauder  
  145  12:19  Marauder, SCV x3  
  145  12:20  Marine x2, SCV  
  145  12:21  Marine x2  
  148  12:22  Marine  
  148  12:29  Medivac x3  
  149  12:30  Medivac  
  149  12:31  SCV x3  
  149  12:32  SCV  
  149  12:34  Ghost x2  
  149  12:36  Ghost  
  161  12:40  Marauder  
  161  12:43  SCV x2  
  161  12:44  SCV x2  
  166  12:49  Marauder  
  169  12:55  Advanced Ballistics, SCV  
  169  12:56  SCV  
  171  12:59  Medivac  
  171  13:01  Marine, Marauder  
  171  13:02  Marine  
  171  13:03  Marauder  
  171  13:04  Marine x2, Missile Turret, Marauder  
  185  13:05  Marauder  
  185  13:11  Marauder  
  185  13:12  Marine x2  
  189  13:13  Terran Ship Weapons Level 2  
  189  13:19  Marine x2  
  190  13:23  Marauder  
  190  13:25  Liberator, Marauder x2  
  200  13:27  Marauder  
  199  13:47  Marauder x2  
  200  13:54  Command Center  
  200  13:55  Command Center, Missile Turret  
  196  14:22  Liberator  
  196  14:24  Liberator  
  188  14:35  Marauder, Marine x6  
  188  14:36  Marine x4  
  190  14:45  Orbital Command  
  190  14:46  SCV x2  
  190  14:52  Ghost x2, Marine x2  
  153  14:58  Marine x2, Marauder x2  
  153  14:59  Marauder  
  135  15:04  Liberator x2  
  135  15:05  Liberator  
  135  15:07  Liberator  
  137  15:11  SCV x3  
  137  15:12  SCV  
  142  15:19  Marauder x2  
  142  15:20  Marauder  
  142  15:21  Marine x2  
  148  15:22  Marauder  
  148  15:23  SCV x2  
  148  15:27  SCV x2  
  156  15:35  SCV  
  158  15:37  Marine  
  158  15:41  Marine  
  158  15:42  Marine  
  160  15:44  Marine x2  
  160  15:47  Liberator x2  
  160  15:49  Liberator  
  171  15:57  Missile Turret  
  171  16:02  Liberator  
  174  16:05  Ghost  
  176  16:11  Ghost  
  176  16:14  Ghost  
  176  16:18  Ghost  
  180  16:25  Ghost  
  180  16:33  Ghost  
  151  16:40  Ghost  
  151  16:43  Marauder  
  151  16:47  Viking, Marauder  
  149  16:48  Viking  
  149  16:52  Viking  
  149  16:58  Viking  
  151  17:06  Ghost  
  153  17:11  Ghost  
  155  17:17  Viking  
  157  17:24  Liberator x2  
  157  17:28  Liberator, Marauder  
  165  17:47  Viking  
  165  17:49  Ghost x2  
  171  17:53  Ghost  
  173  18:07  Viking, Liberator  
  173  18:11  Liberator  
  179  18:14  Marauder  
  169  18:23  Marauder x2  
  156  18:28  Marauder  
  156  18:32  Marauder  
Show
View Real Time Build Order
Export as new Build Order

ShoWTimE Protoss - Winner!

Build Orders: 1 Gate Expand, Oracle Opening 

Get SALT Encoding   

  12  0:00  Probe  
  13  0:12  Probe  
  14  0:18  Pylon  
  14  0:24  Probe (Chrono Boost)  
  15  0:36  Probe (Chrono Boost)  
  15  0:39  Gateway  
  16  0:45  Probe (Chrono Boost)  
  16  0:48  Assimilator  
  17  0:51  Probe  
  18  1:03  Probe  
  19  1:15  Probe  
  20  1:25  Cybernetics Core  
  20  1:26  Zealot  
  22  1:40  Nexus  
  22  1:47  Pylon  
  22  1:50  Probe  
  23  1:55  Assimilator  
  23  2:02  Adept (Chrono Boost)  
  23  2:05  Probe  
  26  2:17  Probe  
  27  2:23  Stargate  
  27  2:25  Adept (Chrono Boost)  
  27  2:29  Probe  
  30  2:41  Probe (Chrono Boost)  
  31  2:49  Warp Gate  
  31  2:52  Probe (Chrono Boost), Adept  
  35  2:59  Probe (Chrono Boost)  
  35  3:02  Probe (Chrono Boost)  
  37  3:06  Oracle (Chrono Boost), Probe (Chrono Boost)  
  37  3:07  Probe (Chrono Boost)  
  41  3:17  Probe  
  41  3:19  Probe  
  43  3:20  Pylon  
  43  3:29  Probe  
  43  3:31  Probe  
  45  3:38  Oracle  
  48  3:41  Probe  
  48  3:43  Gateway, Probe  
  50  3:53  Probe  
  50  3:55  Probe  
  48  4:06  Probe  
  48  4:07  Probe  
  50  4:16  Forge  
  50  4:17  Twilight Council  
  50  4:18  Probe  
  50  4:19  Probe  
  50  4:20  Pylon  
  50  4:22  Assimilator  
  52  4:27  Assimilator  
  52  4:30  Probe  
  53  4:31  Probe  
  54  4:42  Probe  
  54  4:43  Nexus, Probe  
  54  4:44  Blink  
  56  4:47  Pylon  
  56  4:51  Protoss Ground Weapons Level 1 (Chrono Boost)  
  56  4:54  Probe (Chrono Boost)  
  56  4:56  Probe (Chrono Boost)  
  58  5:03  Robotics Facility  
  59  5:07  Sentry  
  59  5:08  Probe (Chrono Boost)  
  59  5:09  Shield Battery  
  59  5:12  Probe (Chrono Boost)  
  62  5:16  Probe (Chrono Boost)  
  62  5:17  Pylon  
  62  5:19  Probe (Chrono Boost)  
  64  5:22  Probe (Chrono Boost)  
  64  5:26  Gateway  
  65  5:31  Sentry, Gateway  
  65  5:34  Probe (Chrono Boost)  
  69  5:36  Probe (Chrono Boost)  
  69  5:37  Pylon  
  69  5:41  Probe (Chrono Boost)  
  71  5:44  Probe (Chrono Boost)  
  71  5:48  Probe  
  72  5:51  Gateway x2  
  72  5:54  Observer, Probe  
  75  5:57  Robotics Bay, Probe  
  75  6:00  Probe  
  76  6:07  Probe  
  76  6:09  Sentry, Probe  
  76  6:13  Probe  
  76  6:15  Gateway x2, Assimilator  
  76  6:17  Observer (Chrono Boost)  
  78  6:19  Probe  
  78  6:20  Assimilator  
  78  6:21  Probe  
  78  6:22  Photon Cannon  
  78  6:25  Shield Battery, Probe  
  81  6:26  Stalker  
  81  6:31  Probe  
  81  6:32  Observer (Chrono Boost)  
  84  6:33  Probe  
  84  6:36  Stalker x3  
  84  6:37  Robotics Facility  
  84  6:39  Observer  
  92  6:44  Protoss Ground Armor Level 1 (Chrono Boost)  
  92  6:45  Colossus (Chrono Boost)  
  92  6:53  Pylon  
  98  7:04  Extended Thermal Lance  
  98  7:09  Stalker, Pylon  
  98  7:13  Pylon  
  100  7:16  Stalker x4  
  108  7:23  Nexus  
  114  7:30  Colossus (Chrono Boost)  
  109  7:43  Stalker x5  
  110  7:51  Zealot x2  
  114  7:56  Charge  
  112  7:59  Nexus  
  112  8:01  Shield Battery, Probe x2  
  112  8:02  Probe  
  112  8:03  Photon Cannon  
  115  8:05  Warp Prism (Chrono Boost)  
  115  8:11  Shield Battery  
  117  8:13  Sentry  
  117  8:14  Sentry  
  117  8:16  Probe x3  
  124  8:28  Probe  
  123  8:34  Zealot  
  123  8:36  Protoss Ground Weapons Level 2 (Chrono Boost)  
  123  8:38  Zealot x2  
  123  8:40  Probe  
  122  8:43  Colossus (Chrono Boost)  
  124  8:49  Forge  
  124  8:54  Pylon  
  124  8:58  Photon Cannon  
  124  9:02  Probe  
  125  9:07  Pylon, Colossus (Chrono Boost)  
  125  9:09  Dark Shrine  
  125  9:10  Probe x2  
  125  9:13  Gravitic Drive (Chrono Boost)  
  133  9:18  Stalker x5  
  143  9:28  Zealot x3  
  143  9:31  Disruptor  
  149  9:33  Protoss Ground Armor Level 2 (Chrono Boost)  
  153  9:42  Photon Cannon  
  153  9:44  Pylon  
  153  9:46  Zealot  
  153  9:49  Pylon  
  153  9:50  Pylon  
  155  9:53  Pylon  
  155  9:59  Photon Cannon  
  155  10:02  Nexus  
  155  10:04  Pylon  
  155  10:06  Pylon  
  155  10:10  Disruptor x2, Pylon  
  163  10:20  Shadow Stride (Chrono Boost)  
  163  10:21  Photon Cannon  
  161  10:25  Probe x2  
  161  10:26  Assimilator, Probe x2  
  163  10:29  Assimilator  
  163  10:40  Stalker x4  
  163  10:41  Zealot x4  
  175  10:46  Photon Cannon  
  175  10:48  Protoss Ground Weapons Level 3 (Chrono Boost)  
  170  10:58  Gateway  
  170  10:59  Observer x2  
  170  11:00  Photon Cannon  
  171  11:05  Zealot x8  
  181  11:20  Disruptor x2 (Chrono Boost)  
  177  11:28  Dark Templar x2  
  177  11:29  Dark Templar x2  
  177  11:30  Zealot x4  
  177  11:32  Probe  
  153  11:51  Stalker x4  
  153  11:53  Disruptor x2 (Chrono Boost)  
  147  11:54  Stalker  
  153  12:02  Zealot x4  
  149  12:14  Zealot x4  
  137  12:18  Zealot  
  137  12:20  Disruptor (Chrono Boost)  
  137  12:22  Zealot x3  
  140  12:28  Disruptor (Chrono Boost), Probe  
  141  12:31  Assimilator  
  141  12:36  Zealot x5  
  155  12:41  Protoss Ground Armor Level 3 (Chrono Boost)  
  155  12:43  Nexus  
  155  12:45  Pylon  
  155  12:47  Dark Templar  
  155  12:48  Zealot x3  
  163  12:52  Warp Prism (Chrono Boost)  
  165  12:59  Probe x3  
  165  13:00  Probe  
  165  13:05  Pylon  
  163  13:06  Pylon  
  163  13:09  Dark Templar x4  
  171  13:19  Zealot x4  
  179  13:20  Photon Cannon  
  179  13:26  Protoss Shields Level 1 (Chrono Boost)  
  179  13:33  Photon Cannon  
  179  13:35  Shield Battery  
  179  13:39  Dark Templar  
  169  13:43  Dark Templar x4  
  169  13:48  Dark Templar  
  165  13:50  Zealot x3  
  171  13:56  Shield Battery  
  171  14:05  Disruptor x2 (Chrono Boost)  
  171  14:11  Protoss Air Weapons Level 1  
  171  14:12  Zealot x4  
  171  14:15  Zealot x2  
  183  14:18  Stalker  
  183  14:22  Pylon  
  183  14:27  Zealot x2  
  185  14:33  Dark Templar x2  
  185  14:34  Zealot  
  189  14:41  Colossus  
  191  14:50  Zealot x3  
  175  14:58  Stalker x3  
  157  15:17  Nexus  
  157  15:18  Pylon  
  157  15:28  Nexus  
  157  15:29  Pylon  
  157  15:34  Colossus (Chrono Boost)  
  163  15:40  Colossus (Chrono Boost)  
  169  15:45  Templar Archives  
  169  15:49  Sentry, Zealot x2  
  173  15:57  Shield Battery, Stalker  
  173  16:01  Stalker x2  
  179  16:12  Shield Battery  
  179  16:13  Zealot x3  
  185  16:20  Colossus  
  185  16:25  Zealot  
  191  16:39  Zealot x5  
  149  16:48  Stalker x3  
  149  16:55  Zealot  
  149  16:59  Dark Templar  
  153  17:07  Assimilator  
  153  17:09  Assimilator  
  153  17:13  High Templar x7  
  167  17:17  Archon x3  
  167  17:20  Phoenix (Chrono Boost)  
  169  17:23  Photon Cannon  
  169  17:24  High Templar  
  169  17:25  Pylon  
  169  17:28  Probe  
  172  17:33  Archon  
  172  17:34  Stalker  
  170  17:53  Stalker x7  
  184  18:02  Fleet Beacon  
  184  18:07  Stargate  
  184  18:12  Stalker x2  
  186  18:16  Zealot x4  
  176  18:21  Stalker x3  
  154  18:37  Zealot x6  
  158  18:44  Stalker x3  
Tags
 
Add a new tag
Caveats
  • Supply blocks, unpowered buildings, or Contaminate may cause inaccurate times.
  • Supply counts are checked every 10 seconds.